 Dungeon Crawl Stone Soup version 0.31-a0-16-g6d2539766c (webtiles) character file.

Game seed: 14102628440476557613

1178 bande the Covered (level 8, -14/49 HPs)
             Began as a Gargoyle Fighter on May 9, 2023.
             Demolished by a wight
             ... wielding a +4 battleaxe
              (15 damage)
             ... on level 6 of the Dungeon.
             The game lasted 00:08:01 (5489 turns).

bande the Covered (Gargoyle Fighter)                Turns: 5489, Time: 00:08:02

Health: -14/49     AC: 18    Str: 21    XL:     8   Next: 42%
Magic:  8/8        EV:  5    Int:  8    God:
Gold:   311        SH: 11    Dex: 11    Spells: 7/7 levels left

rFire   . . .        a - +0 war axe (flame)
rCold   . . .        o - +2 kite shield
rNeg    + . .        s - +0 plate armour
rPois   ∞            (no helmet)
rElec   +            (no cloak)
rCorr   +            (no gloves)
SInv    .            (no boots)
Will    .....        j - amulet of faith Stlth
                     m - ring of resist corrosion
HPRegen 0.28/turn    (no ring)
MPRegen 0.11/turn

%: faith
@: no status effects
A: sickness immunity, AC +5, negative energy resistance 1, electricity
resistance, torment resistance 1, petrification resistance
a: no special abilities


You were on level 6 of the Dungeon.
You visited 1 branch of the dungeon, and saw 6 of its levels.

You collected 311 gold pieces.

Inventory:

Hand Weapons
 a - a +0 war axe of flaming (weapon)
Armour
 o - a +2 kite shield (worn)
 s - a +0 plate armour (worn)
Jewellery
 j - an amulet of faith (around neck)
 m - a ring of resist corrosion (left hand)
 y - a ring of positive energy
Wands
 b - a wand of flame (17)
 t - a wand of paralysis (7)
Scrolls
 n - a scroll of identify
 p - 2 scrolls of magic mapping
 q - a scroll of summoning
 u - a scroll of teleportation
 v - a scroll of torment {unknown}
 w - a scroll of poison
Potions
 c - 3 potions of magic
 d - a potion of might
 e - 2 potions of berserk rage
 f - 6 potions of curing
 g - a potion of mutation
 h - 2 potions of flight
 i - 2 potions of invisibility
 k - 2 potions of cancellation {unknown}
 l - 2 potions of brilliance {unknown}
 r - a potion of attraction {unknown}
 x - a potion of degeneration {unknown}


   Skills:
 + Level 5.0 Fighting
 + Level 5.8 Axes
 + Level 5.9 Armour
 + Level 5.1 Shields
 * Level 2.9 Evocations


You had 7 spell levels left.
You didn't know any spells.
Your spell library contained the following spells:

 Spells                   Type           Power      Damage    Failure   Level
 Magic Dart               Conj           0%         1d3       100%        1
 Call Imp                 Summ           0%         N/A       100%        2
 Call Canine Familiar     Summ           0%         N/A       100%        3
 Dazzling Flash           Conj/Hex       0%         N/A       100%        3
 Mephitic Cloud           Conj/Pois/Air  0%         N/A       100%        3
 Portal Projectile        Hex/Tloc       0%         N/A       100%        3
 Volatile Blastmotes      Fire/Tloc      0%         2d10      100%        3
 Dispel Undead            Necr           0%         3d6       100%        4
 Iskenderun's Mystic Bla  Conj/Tloc      0%         2d3       100%        4
 Leda's Liquefaction      Hex/Erth       0%         N/A       100%        4
 Death Channel            Necr           0%         N/A       100%        6
 Starburst                Conj/Fire      0%         6d3       100%        6
 Cigotuvi's Dreadful Rot  Necr/Pois/Air  Unusable   N/A       N/A         2

Dungeon Overview and Level Annotations

Branches:
Dungeon (6/15)             Temple (0/1) D:5

Altars:
Nemelex Xobeh
Ru
Sif Muna
Uskayaw

Shops:
D:1 [   D:5 :


Innate Abilities, Weirdness & Mutations

You are immune to sickness and miasma.
Your stone body is resilient. (AC +5)
You are immune to poison.
You resist negative energy. (rN+)
You are resistant to electric shocks. (rElec)
You are resistant to unholy torment.
You are immune to petrification.


Message History

A wight comes into view. It is wielding a +4 battleaxe.
The wight hits you but does no damage.
You slash the wight! You burn the wight.
You destroy the wight!
You block the wight's attack.
Your Fighting skill increases to level 5!
Things that are here:
a +0 spear; a +0 robe You closely miss the wight.
The wight hits you from afar with a +0 spear.
You hit the wight but do no damage. You block the wight's attack.
The wight barely misses you. x2; The wight hits you but does no damage.
You closely miss the wight. You block the wight's attack.
The wight hits you from afar with a +0 spear.
You closely miss the wight. The wight hits you with a +4 battleaxe.
The wight hits you but does no damage. x3
You closely miss the wight. You block the wight's attack.
The wight hits you but does no damage.
You closely miss the wight. You block the wight's attack. x2
You hit the wight but do no damage.
The wight hits you but does no damage. x2
You hit the wight but do no damage. The wight hits you with a +4 battleaxe.
You block the wight's attack. x2
The wight hits you from afar with a +0 spear.
You hit the wight but do no damage. The wight hits you with a +4 battleaxe!
You block the wight's attack.
You are too injured to fight recklessly!
You are too injured to fight recklessly!
You are too injured to fight recklessly!
You are too injured to fight recklessly!
You are too injured to fight recklessly!
You are too injured to fight recklessly!
You are too injured to fight recklessly!
You are too injured to fight recklessly!
You hit the wight but do no damage. The wight hits you with a +4 battleaxe!
* * * LOW HITPOINT WARNING * * *
You block the wight's attack.
You barely miss the wight. The wight hits you with a +4 battleaxe!
* * * LOW HITPOINT WARNING * * *
You block the wight's attack. x2; The wight hits you with a +4 battleaxe!
You die...

....... .........
....#...#
.........
....#...#### ..
...........###..#
.##
#.........zz...#
.. #........@# .#
####...#### #.##
######...# ...
.........# .#
#####..#### .#
#..##.## ##
#..#.#.## ##### #
#...###.##......
## #..## ##...#


You could see 2 wights.

Vanquished Creatures
  A sky beast (D:6)
  An ogre (D:6)
  A centaur (D:5)
  A phantom (D:5)
  4 scorpions
  2 wights (D:6)
  A howler monkey (D:5)
  3 hounds
  3 sleepcaps
  Ijyb (D:3)
  2 iguanas
  9 adders
  4 gnolls
  A white imp (D:6)
  An ufetubus (D:5)
  A worm (D:2)
  2 dart slugs
  6 orcs
  2 bats
  12 endoplasms
  A giant cockroach (D:1)
  5 goblins
  9 hobgoblins
  8 jackals
  2 quokkas (D:2)
  6 ball pythons
  3 frilled lizards
  8 kobolds
  10 rats
110 creatures vanquished.

Vanquished Creatures (collateral kills)
  A jackal (D:3)
1 creature vanquished.

Grand Total: 111 creatures vanquished

Notes
Turn   | Place    | Note
-------+----------+-------------------------------------------
     0 | D:1      | bande the Gargoyle Fighter began the quest for the Orb.
     0 | D:1      | Reached XP level 1. HP: 14/14 MP: 1/1
   148 | D:1      | Reached XP level 2. HP: 16/19 MP: 2/2
   188 | D:1      | Found Togil's Armour Shop.
   480 | D:1      | Reached XP level 3. HP: 23/23 MP: 3/3
  1044 | D:2      | Reached XP level 4. HP: 29/29 MP: 4/4
  1465 | D:2      | Found a sacrificial altar of Ru.
  1583 | D:3      | Found a faded altar of an unknown god.
  1586 | D:3      | Reached XP level 5. HP: 33/33 MP: 5/5
  1626 | D:3      | Noticed Ijyb
  1650 | D:3      | Killed Ijyb
  2047 | D:3      | Found a sparkling altar of Nemelex Xobeh.
  2815 | D:4      | Reached XP level 6. HP: 38/38 MP: 6/6
  2843 | D:5      | Entered Level 5 of the Dungeon
  2898 | D:5      | Reached skill level 1 in Evocations
  2900 | D:5      | Reached skill level 5 in Armour
  2900 | D:5      | Reached XP level 7. HP: 33/43 MP: 7/7
  3069 | D:5      | Found a staircase to the Ecumenical Temple.
  3300 | D:5      | Reached skill level 5 in Axes
  3398 | D:5      | Found Umistr Osoiwo's Tiny Tomes.
  4888 | D:6      | Reached XP level 8. HP: 40/48 MP: 8/8
  5114 | D:6      | Identified the +6 quarterstaff of an ice cave {venom, rF+}
  5158 | D:6      | Found a shimmering blue altar of Sif Muna.
  5160 | D:6      | Found a hide-covered altar of Uskayaw.
  5309 | D:6      | Reached skill level 5 in Shields
  5478 | D:6      | Reached skill level 5 in Fighting
  5489 | D:6      | HP: 1/49 [wight/+4 battleaxe (9)]
  5489 | D:6      | Demolished by a wight

Illustrated notes

Levels and vault maps discovered:
D:1:      grunt_arrival_lava_bath, layout_basic, serial_shops,
          nicolae_shop_tiny_statue_garden, minivault_24,
          chequers_serial_rivers_small_b, kennysheep_boxes
D:2:      layout_basic, basic_altar, minmay_cut_off
D:3:      layout_rooms, nemelex_altar_shiori,
          hellmonk_ecumenical_altar_dog_temple, uniq_ijyb
D:4:      layout_basic
D:5:      minmay_spotlight, layout_layer_cave, minmay_temple_entry_wispy,
          nicolae_shop_i_like_small_books_too, kennysheep_flooded_box
D:6:      layout_loops_ring, mainiacjoe_overflow_big_doors, jmf_multi_god_temple

Skill      XL: |  1  2  3  4  5  6  7  8 |
---------------+-------------------------+-----
Axes           | 2 3 4 5 |  5.8
Armour         | 4 5 |  5.9
Fighting       | 4 5 |  5.0
Shields        | 4 5 |  5.1
Evocations     | 1 2 |  2.9

Action                     |  1- 3 |  4- 6 |  7- 9 || total
---------------------------+-------+-------+-------++-------
  Melee: War axe           |   123 |   162 |   128 ||   413
    Use: Scroll            |       |     8 |     3 ||    11
         Potion            |       |     1 |       ||     1
 Armour: Scale mail        |    78 |     6 |       ||    84
         Chain mail        |       |    96 |       ||    96
         Plate armour      |       |    16 |    82 ||    98
  Dodge: Dodged            |    65 |    48 |    25 ||   138
  Block: Buckler           |    32 |    29 |       ||    61
         Kite shield       |       |    16 |    85 ||   101

Table legend: (Time is in decaauts)
 A = Elapsed time spent in this place.
 B = Non-inter-level travel time spent in this place.
 C = Inter-level travel time spent in this place.
 D = Time resting spent in this place.
 E = Time spent auto-exploring this place.
 F = Levels seen in this place.
 G = Mean time per level.
                   A        B        C        D        E       F      G
               +--------+--------+--------+--------+--------+-----+--------+
         Total |   5675 |   5582 |     93 |   1300 |   3191 |   6 |  945.8 |
       Dungeon |   5675 |   5582 |     93 |   1300 |   3191 |   6 |  945.8 |
               +--------+--------+--------+--------+--------+-----+--------+

Top non-repeatable levels by time:
     D:5: 2061 daAuts
     D:1: 915 daAuts
     D:3: 800 daAuts
     D:2: 739 daAuts
     D:6: 639 daAuts
     D:4: 518 daAuts
